 Dungeon Crawl Stone Soup version 0.27.1 (webtiles) character file.

Game seed: 12324019835405457425

706 acemry the Cleaver (level 7, -3/57 HPs)
             Began as a Minotaur Fighter on Sept 4, 2021.
             Slain by a gnoll (11 damage)
             ... on level 5 of the Dungeon.
             The game lasted 00:08:36 (4146 turns).

acemry the Cleaver (Minotaur Fighter)               Turns: 4146, Time: 00:08:36

Health: -3/57      AC:  9    Str: 23    XL:     7   Next: 39%
Magic:  6/6        EV:  9    Int:  5    God:
Gold:   148        SH:  0    Dex:  9    Spells: 6/6 levels left

rFire    + . .     SeeInvis +   a - +0 war axe
rCold    . . .     Faith    .   (no shield)
rNeg     . . .     Spirit   .   b - +1 scale mail
rPois    .         Reflect  .   (helmet restricted)
rElec    .         Harm     .   (no cloak)
rCorr    .         Rampage  .   (no gloves)
Will     .....                  j - +0 pair of boots
Stlth    ..........             (no amulet)
HPRegen  0.19/turn              n - ring of see invisible
MPRegen  0.10/turn              s - ring of protection from fire

@: flying
A: horns 2, retaliatory headbutt
a: no special abilities


You were on level 5 of the Dungeon.
You visited 1 branch of the dungeon, and saw 5 of its levels.
You also visited: Sewer.

You collected 185 gold pieces.
You spent 37 gold pieces at shops.

Inventory:

Hand Weapons
 a - a +0 war axe (weapon)
 h - a +1 vorpal hand axe
Missiles
 g - 28 bolts
 i - a throwing net (quivered)
Armour
 b - a +1 scale mail (worn)
 c - a +0 kite shield
 j - a +0 pair of boots (worn)
Jewellery
 n - a ring of see invisible (left hand)
 s - a ring of protection from fire (right hand)
 u - a +6 ring of intelligence
 v - a ring of magical power
Wands
 m - a wand of acid (7)
Scrolls
 f - 2 scrolls of fear
 q - a scroll of amnesia
 r - 2 scrolls of identify
 t - 2 scrolls of teleportation
Potions
 d - a potion of might
 e - a potion of invisibility
 k - 2 potions of attraction
 l - 3 potions of curing
 p - a potion of brilliance


   Skills:
 - Level 3.6 Fighting
 + Level 10.0 Axes
 - Level 3.6 Armour
 - Level 3.6 Shields


You had 6 spell levels left.
You didn't know any spells.
Your spell library was empty.

Dungeon Overview and Level Annotations

Branches:
Dungeon (5/15)              Sewer (visited)
 Temple: D:4-7

Altars:
Hepliaklqana
Trog
Wu Jian
Zin

Shops:
D:1 [   D:2 !!?*?   D:5 ([


Innate Abilities, Weirdness & Mutations

You have a pair of horns on your head.
You reflexively headbutt those who attack you in melee.


Message History

The gnoll shaman is almost dead.
You hit the gnoll. The gnoll barely misses you.
The gnoll shaman closely misses you. The gnoll closely misses you.
The gnoll barely misses you.
You hit the gnoll shaman but do no damage.
The gnoll shaman is almost dead.
You hit the gnoll but do no damage. The gnoll hits you with a +0 club.
The gnoll hits you from afar with a +0 spear!
The gnoll barely misses you. You furiously retaliate!
You headbutt the gnoll.
The gnoll hits you from afar with a +0 spear.
The gnoll hits you but does no damage.
You closely miss the gnoll shaman. Your headbutt misses the gnoll shaman.
The gnoll shaman is almost dead.
You hit the gnoll.
The gnoll hits you from afar with a +0 spear.
The gnoll hits you but does no damage.
The gnoll shaman hits you with a +0 club.
The gnoll closely misses you. The gnoll barely misses you.
You hit the gnoll shaman.
You kill the gnoll shaman!
You hit the gnoll.
You kill the gnoll!
The gnoll completely misses you.
The gnoll hits you from afar with a +0 halberd.
The gnoll hits you but does no damage. x2
Your Axes skill increases to level 10!
The gnoll closely misses you. The gnoll hits you with a +0 spear!
The gnoll hits you with a +0 spear.
* * * LOW HITPOINT WARNING * * *
Items here: )) [ †.
You feel better. The gnoll hits you with a +0 halberd!
* * * LOW HITPOINT WARNING * * *
The gnoll hits you with a +0 spear.
* * * LOW HITPOINT WARNING * * *
The gnoll barely misses you.
You are too injured to fight recklessly!
It was a potion of flight.
You feel very buoyant.
You fly up into the air.
The gnoll hits you with a +0 halberd!
You die...

.. .........###...
... ... #######.#..#
######... ... #.##..
#...# ... #..####...#
... #..#....# ###..
#.....# ###8###
##....# ##8...8#
###....## ##.......
#g@).#..###8..._...
#..gg####...##.......
#...## #....##8...8#
....# #>.##.###.###
#.... #..###..#.#
#.... ##.## ##...# #
#...) #..# #..####
..... #..# ##..##.
##..# #.....


You could see 3 gnolls.

Vanquished Creatures
  A water moccasin (Sewer)
  A black bear (D:4)
  2 scorpions
  A jelly (D:5)
  3 hounds
  2 centaur skeletons (D:5)
  A gnoll shaman (D:5)
  An iguana (D:5)
  5 adders
  3 gnolls
  A white imp (D:5)
  2 ufetubi (D:5)
  A worm (D:2)
  A dart slug (D:1)
  7 orcs
  A bat (D:1)
  4 endoplasms
  3 giant cockroaches
  2 goblins
  6 hobgoblins
  2 jackals (Sewer)
  8 kobolds
  2 quokkas
  8 ball pythons
  6 frilled lizards
  9 rats
83 creatures vanquished.

Notes
Turn   | Place    | Note
-------+----------+-------------------------------------------
     0 | D:1      | acemry the Minotaur Fighter began the quest for the Orb.
     0 | D:1      | Reached XP level 1. HP: 19/19 MP: 0/0
   139 | D:1      | Reached skill level 3 in Axes
   295 | D:1      | Reached XP level 2. HP: 26/26 MP: 1/1
   341 | D:1      | Found Uwargh's Antique Armour Emporium.
   765 | D:2      | Reached skill level 4 in Axes
   829 | D:2      | Found Riddut's General Store.
   832 | D:2      | Bought a scroll of identify for 24 gold pieces
   948 | D:2      | Found a faded altar of an unknown god.
   993 | D:2      | Found Xeutur's Distillery.
  1007 | D:2      | Bought a potion of degeneration for 13 gold pieces
  1016 | D:2      | Found Wagash's Distillery.
  1025 | D:2      | Reached XP level 3. HP: 30/31 MP: 2/2
  1137 | D:2      | Found Faqe's Magic Scroll Shop.
  1213 | D:2      | Found Sualleergh's Magic Scroll Shoppe.
  1775 | D:3      | Reached skill level 5 in Axes
  1875 | D:3      | Reached XP level 4. HP: 36/39 MP: 3/3
  1877 | D:3      | Reached skill level 6 in Axes
  1879 | D:3      | Reached XP level 5. HP: 39/45 MP: 4/4
  2181 | D:4      | Found a glowing drain.
  2196 | Sewer    | Entered a sewer
  2282 | Sewer    | Noticed a water moccasin
  2289 | Sewer    | Killed a water moccasin
  2290 | Sewer    | Reached skill level 7 in Axes
  2531 | D:4      | Found a glowing silver altar of Zin.
  2578 | D:4      | Reached XP level 6. HP: 50/51 MP: 5/5
  2595 | D:4      | Reached skill level 8 in Axes
  2728 | D:4      | Found a hazy altar of Hepliaklqana.
  2766 | D:4      | Found a bloodstained altar of Trog.
  3066 | D:5      | Entered Level 5 of the Dungeon
  3221 | D:5      | Found Xioxef's Antique Armour Boutique.
  3305 | D:5      | Reached skill level 9 in Axes
  3459 | D:5      | Reached XP level 7. HP: 33/57 MP: 6/6
  3596 | D:5      | Found Jium's Weapon Shoppe.
  4116 | D:5      | Found an ornate altar of the Wu Jian Council.
  4144 | D:5      | Reached skill level 10 in Axes
  4146 | D:5      | Slain by a gnoll

Illustrated notes

Levels and vault maps discovered:
D:1:      dpeg_arrival_tiny_a, layout_basic, serial_shops, shop
D:2:      layout_basic, serial_shops, shop_fountains, shop_fountains,
          nicolae_shop_behind_doors, nicolae_shop_trees, shop,
          hellmonk_ecumenical_altar_crossroads
D:3:      layout_basic, cheibrodos_gnoll_hut
D:4:      layout_basic, mainiacjoe_overflow_24_doors,
          mainiacjoe_overflow_two_lobes, cheibrodos_sewer_entry_drain
D:5:      layout_layer_cave, nicolae_sif_muna_little_library,
          nzn_wu_jian_council_hall, serial_shops, nicolae_inconvenience_store,
          kennysheep_little_box, minivault_25

Skill      XL: |  1  2  3  4  5  6  7 |
---------------+----------------------+-----
Axes           | 3 4 5 6 7 9 10 | 10.0
Fighting       | |  3.6
Armour         | |  3.6
Shields        | |  3.6

Action                   |  1- 3 |  4- 6 |  7- 9 || total
-------------------------+-------+-------+-------++-------
Melee: War axe           |    84 |    74 |    23 ||   181
       Headbutt          |     9 |    10 |     4 ||    23
  Use: Scroll            |     7 |     3 |       ||    10
       Potion            |     1 |       |     2 ||     3
Armor: Scale mail        |    60 |    37 |    12 ||   109
Dodge: Dodged            |    43 |    35 |    28 ||   106
